 Dungeon Crawl Stone Soup version 0.30.0-15-g856e2d3f33 (webtiles) character file.

Game seed: 2462637289637651349

185 AlmostDecent the Shooter (level 5, 0/32 HPs)
             Began as a Gargoyle Hunter on May 18, 2023.
             Killed by divine providence
             ... invoked by an orc priest
              (13 damage)
             ... on level 3 of the Dungeon.
             The game lasted 00:08:18 (1851 turns).

AlmostDecent the Shooter (Gargoyle Hunter)          Turns: 1851, Time: 00:08:19

Health: 0/32       AC: 10    Str: 15    XL:     5   Next: 64%
Magic:  5/5        EV: 12    Int:  9    God:
Gold:   136        SH:  0    Dex: 15    Spells: 4/4 levels left

rFire   . . .        a - +0 shortbow
rCold   . . .        (shield currently unavailable)
rNeg    + . .        c - +0 leather armour
rPois   ∞            n - +0 helmet
rElec   +            (no cloak)
rCorr   .            r - +0 pair of gloves
SInv    +            p - +0 pair of boots
Will    .....        (no amulet)
Stlth   ++           d - ring of see invisible
HPRegen 0.25/turn    (no ring)
MPRegen 0.09/turn

%: no passive effects
@: no status effects
A: sickness immunity, AC +4, negative energy resistance 1, electricity
resistance, torment resistance 1, petrification resistance
a: no special abilities


You were on level 3 of the Dungeon.
You visited 1 branch of the dungeon, and saw 4 of its levels.

You collected 136 gold pieces.

Inventory:

Hand Weapons
 a - a +0 shortbow (weapon)
Armour
 c - a +0 leather armour (worn)
 n - a +0 helmet (worn)
 p - a +0 pair of boots (worn)
 r - a +0 pair of gloves (worn)
Jewellery
 d - a ring of see invisible (left hand)
 i - an amulet of faith
Wands
 j - a wand of mindburst (6)
 o - a wand of acid (15)
Scrolls
 b - 2 scrolls of immolation
 h - 3 scrolls of noise
Potions
 e - 2 potions of curing
 g - 2 potions of attraction
 k - a potion of ambrosia {unknown}


   Skills:
 + Level 3.1 Fighting
 + Level 6.1 Ranged Weapons
 + Level 0.7 Armour
 + Level 1.9 Dodging
 + Level 1.1 Stealth


You had 4 spell levels left.
You didn't know any spells.
Your spell library contained the following spells:

 Spells                   Type           Power      Damage    Failure   Level
 Lesser Beckoning         Tloc           0%         N/A       58%         2
 Gell's Gravitas          Tloc           0%         N/A       83%         3
 Teleport Other           Tloc           0%         N/A       83%         3


Dungeon Overview and Level Annotations

Branches:
Dungeon (4/15)
 Temple: D:4-7

Altars:

Shops:
D:1 *::?   D:2 ?

Annotations:
D:3 Grinder


Innate Abilities, Weirdness & Mutations

You are immune to sickness and miasma.
Your stone body is resilient. (AC +4)
You are immune to poison.
You resist negative energy. (rN+)
You are resistant to electric shocks. (rElec)
You are resistant to unholy torment.
You are immune to petrification.


Message History

The scorpion is almost dead.
You hear a shout!
The scorpion stings you but does no damage.
Grinder gestures at you. Pain shoots through your body!
The scorpion completely misses you.
You shoot an arrow.
The arrow hits the scorpion but does no damage.
The scorpion is almost dead.
The scorpion stings you but does no damage.
The orc priest casts a cantrip, but nothing happens.
Grinder gestures at you. You resist with significant effort.
You shoot an arrow.
The arrow hits the scorpion but does no damage.
The scorpion is almost dead.
The scorpion closely misses you. The scorpion misses you.
Grinder gestures at you.
You barely resist. You shoot an arrow. The arrow hits the scorpion!
You kill the scorpion!
Your Fighting skill increases to level 3!
Your Ranged Weapons skill increases to level 6!
You shoot an arrow. The arrow hits the orc.
The orc is almost dead.
Okay, then.
Okay, then.
You shoot an arrow. The arrow hits the orc.
You kill the orc!
The orc hits you but does no damage.
You shoot an arrow. The arrow hits Grinder.
Grinder is heavily wounded.
The orc hits you but does no damage. Grinder hits you but does no damage.
The orc hits you with a +0 flail. Grinder hits you.
You are too injured to fight recklessly!
You are too injured to fight recklessly!
You are too injured to fight recklessly!
You shoot an arrow. The arrow barely misses Grinder.
The orc priest calls down the wrath of Beogh upon you.
Beogh smites you!
You die...

#..b.(.# #.#.#
...... #.b....#
#...# .....
#b..bb.####.### ....
#..bb..#......#
...###..b.bb#......#
.....bbbg###......#
.o.####s# #......#
#o## #.# #......#
#@)# #.# #.......
##5# #.#####.....
#.# #.##........ #)#
#..#.##.##.. #†#
##>..#..#### #.#
##.....# #..
#5.##..... ....
#.....#### .#...
#...#..#


You could see Grinder, an orc priest and an orc.

Vanquished Creatures
  A scorpion (D:3)
  5 adders
  2 worms
  4 dart slugs
  2 orcs (D:3)
  7 endoplasms
  A giant cockroach (D:1)
  9 goblins
  4 hobgoblins
  2 quokkas (D:2)
  7 ball pythons
  8 bats
  5 frilled lizards
  6 kobolds
  9 rats
72 creatures vanquished.

Notes
Turn   | Place    | Note
-------+----------+-------------------------------------------
     0 | D:1      | AlmostDecent the Gargoyle Hunter began the quest for the
                  | Orb.
     0 | D:1      | Reached XP level 1. HP: 12/12 MP: 1/1
    12 | D:1      | Found Verragg's General Store.
    63 | D:1      | Found Neibaiqo's Book Boutique.
    77 | D:1      | Found Nolum's Book Boutique.
   115 | D:1      | Reached XP level 2. HP: 18/18 MP: 2/2
   326 | D:1      | Found Plog's Magic Scroll Shoppe.
   439 | D:1      | Reached XP level 3. HP: 22/22 MP: 3/3
   823 | D:1      | Found a faded altar of an unknown god.
  1005 | D:2      | Reached skill level 5 in Ranged Weapons
  1173 | D:2      | Reached XP level 4. HP: 27/27 MP: 4/4
  1412 | D:2      | Found Vedgh's Magic Scroll Shop.
  1770 | D:3      | Noticed Grinder
  1786 | D:4      | Noticed a scorpion
  1825 | D:3      | Reached XP level 5. HP: 18/32 MP: 5/5
  1848 | D:3      | Reached skill level 6 in Ranged Weapons
  1851 | D:3      | Killed from afar by an orc priest

Illustrated notes

Levels and vault maps discovered:
D:1:      psy_arrival_fountain, layout_loops_corners, serial_shops, shop,
          nicolae_book_shop_shelving, shop_scrolls, shop,
          dreamdust_ecumenical_altar_hidden_monk_grotto, minmay_misc_feat_doors
D:2:      layout_rooms, serial_shops, shop
D:3:      layout_rooms, gammafunk_ghost_gnarly_gnolls, uniq_sigmund,
          uniq_grinder
D:4:      layout_rooms, elyvilon_altar_1, hangedman_abyss_or_decor_stabs,
          hangedman_decor_peaks_small, st_stairs_2, minmay_cupped,
          uniq_blork_the_orc

Skill      XL: |  1  2  3  4  5 |
---------------+----------------+-----
Ranged Weapons | 5 6 |  6.1
Fighting       | 3 |  3.1
Armour         | |  0.7
Dodging        | |  1.9
Stealth        | |  1.1

Action                     |  1- 3 |  4- 6 || total
---------------------------+-------+-------++-------
   Fire: Shortbow          |   110 |   109 ||   219
    Use: Scroll            |       |     5 ||     5
         Potion            |       |     1 ||     1
 Armour: Leather armour    |    36 |    34 ||    70
  Dodge: Dodged            |    51 |    47 ||    98
